 Seeded DCSS version 0.28-a0-1087-gf3fc490d9d (webtiles) character file.

Game seed: 20211210 (custom seed)

28 ytrimaz the Insei (level 3, -3/23 HPs)
             Began as an Octopode Transmuter on Dec 10, 2021.
             Slain by a kobold (4 damage)
             ... on level 2 of the Dungeon.
             The game lasted 00:02:19 (1459 turns).

ytrimaz the Insei (Octopode Transmuter)             Turns: 1459, Time: 00:02:20

Health: -3/23      AC:  1    Str:  9    XL:     3   Next: 12%
Magic:  4/6        EV: 13    Int: 17    God:
Gold:   17         SH:  0    Dex: 12    Spells: 5/6 levels left

rFire   . . .      SeeInvis .     - Unarmed
rCold   . . .      Faith    .   (no shield)
rNeg    . . .      Spirit   .   (helmet currently unavailable)
rPois   .          Reflect  .   (no amulet)
rElec   .          Harm     .   (no ring)
rCorr   .          Rampage  .   (no ring)
Will    .....                   (no ring)
Stlth   ++........              (no ring)
HPRegen 0.07/turn               (no ring)
MPRegen 0.10/turn               (no ring)
                                (no ring)
                                (no ring)

@: appendages (expiring)
A: tentacle spike 3, almost no armour, amphibious, 8 rings, camouflage 1,
gelatinous body 1, (nimble swimmer 1), tentacles
a: End Transformation


You were on level 2 of the Dungeon.
One of your tentacles had grown a beastly spike.
You visited 1 branch of the dungeon, and saw 2 of its levels.

You collected 17 gold pieces.

Inventory:

Potions
 a - 2 potions of attraction


   Skills:
 * Level 1.4 Fighting
 - Level 2.0 Dodging
 + Level 3.5 Unarmed Combat
 * Level 2.3 Spellcasting
 * Level 2.3 Transmutations


You had 5 spell levels left.
You knew the following spells:

 Your Spells              Type           Power      Damage    Failure   Level
a - Beastly Appendage     Tmut           18%        N/A       7%          1

Your spell library contained the following spells:

 Spells                   Type           Power      Damage    Failure   Level
 Wereblood                Tmut           9%         N/A       11%         2
 Spider Form              Tmut/Pois      5%         N/A       34%         3
 Ice Form                 Ice/Tmut       5%         N/A       75%         4


Dungeon Overview and Level Annotations

Branches:
Dungeon (2/15)

Altars:


Innate Abilities, Weirdness & Mutations

One of your tentacles has grown a beastly spike.
You cannot wear most types of armour.
You are amphibious.
You can wear up to eight rings at the same time.
Your skin changes colour to match your surroundings (Stealth+).
Your rubbery body absorbs attacks. (AC +1, EV +1)
((You are camouflaged near water. (Stealth+)))
You have tentacles for arms and can constrict up to eight enemies at once.


Message History

Your transformation is almost over.
The jackal misses you. The kobold closely misses you. The jackal bites you.
You see here a jackal corpse.
Unknown command.
You are too injured to fight recklessly!
You tentacle-slap the jackal. Your grab misses the jackal.
The jackal is heavily wounded.
The kobold hits you with a +0 dagger.
The jackal bites you but does no damage.
Unknown command.
You miss the jackal. You grab the jackal.
You pierce the jackal.
You kill the jackal!
The kobold hits you with a +0 dagger.
You tentacle-slap the hobgoblin but do no damage.
You grab the hobgoblin.
You pierce the hobgoblin, but do no damage.
You constrict the hobgoblin. The kobold hits you with a +0 dagger.
* * * LOW HITPOINT WARNING * * *
The hobgoblin misses you.
Unknown command.
You tentacle-slap the hobgoblin.
You pierce the hobgoblin.
You kill the hobgoblin!
The kobold closely misses you. The adder misses you.
Unknown command.
You barely miss the hobgoblin. Your grab misses the hobgoblin.
Your tentacle spike misses the hobgoblin.
The adder barely misses you. The kobold barely misses you.
The hobgoblin barely misses you.
Unknown command.
Okay, then.
You barely miss the adder. Your grab misses the adder.
The adder barely misses you. The kobold hits you with a +0 dagger.
* * * LOW HITPOINT WARNING * * *
The hobgoblin hits you.
* * * LOW HITPOINT WARNING * * *
Unknown command.
You tentacle-slap the adder but do no damage.
Your grab misses the adder.
Your tentacle spike misses the adder.
The adder barely misses you. The kobold hits you with a +0 dagger.
You die...

....♣...#
#<.......
#.♣...♣..
#........
##...>....
##.........
#######...♣...♣..
.......K##.......
#.....#g@##.♣.###
##...###S# #.##
#.....#..# ##
..#.#..... .
#.##..... #
....... ..#......
..###......
....#........


You could see an adder, a hobgoblin and a kobold.

Vanquished Creatures
  A dart slug (D:1)
  2 bats (D:1)
  3 endoplasms
  3 goblins (D:1)
  2 hobgoblins
  2 jackals (D:2)
  3 kobolds (D:1)
  2 quokkas (D:1)
  A ball python (D:2)
  5 rats (D:1)
24 creatures vanquished.

Notes
Turn   | Place    | Note
-------+----------+-------------------------------------------
     0 | D:1      | ytrimaz the Octopode Transmuter began the quest for the
                  | Orb.
     0 | D:1      | Reached XP level 1. HP: 13/13 MP: 3/3
   127 | D:1      | Reached XP level 2. HP: 15/18 MP: 5/5
  1448 | D:2      | Reached XP level 3. HP: 15/23 MP: 3/6
  1458 | D:2      | HP: 1/23 [hobgoblin[Robin] (1)]
  1459 | D:2      | Slain by a kobold

Illustrated notes

Levels and vault maps discovered:
D:1:      dpeg_arrival_round_a, layout_basic
D:2:      layout_rooms, grunt_ministairs_2, minmay_strange_pillars, uniq_robin

Action                   || total
-------------------------++-------
Melee: Unarmed           ||    49
       Constrict         ||    12
       Tentacles         ||    10
       Kick              ||     6
       Punch             ||     1
 Cast: Beastly Appendage ||     9
  Use: Scroll            ||     2
 Stab: Sleeping          ||     6
Armor: Skin              ||     6
Dodge: Dodged            ||    30

Table legend: (Time is in decaauts)
 A = Elapsed time spent in this place.
 B = Non-inter-level travel time spent in this place.
 C = Inter-level travel time spent in this place.
 D = Time resting spent in this place.
 E = Time spent auto-exploring this place.
 F = Levels seen in this place.
 G = Mean time per level.
                   A        B        C        D        E       F      G
               +--------+--------+--------+--------+--------+-----+--------+
         Total |   1455 |   1395 |     60 |      0 |   1181 |   2 |  727.5 |
       Dungeon |   1455 |   1395 |     60 |      0 |   1181 |   2 |  727.5 |
               +--------+--------+--------+--------+--------+-----+--------+

Top non-repeatable levels by time:
     D:1: 1435 daAuts
     D:2: 20 daAuts
